AoeStats
← dreikot

Four Lakes

508991934Analyzed
1v1 RM · 7d ago on Sep 25, 2026· 22m 46s· 2 players
Game mode
Random Map
Map size
Tiny (2 player)
Population
200
Speed
Normal
Resources
Standard
Victory
Conquest
Starting age
Dark Age
Ending age
Imperial Age
RankedLock teamsTeams togetherTeam positionsShared explorationLock speedFull tech treeHidden civsTurbo modeCheats
Victory
Defeat
🇨🇴 Japanese · Colombia
725
+16
🇨🇴 Spanish · Colombia
729
-16
dreikot
6:45 Loom
12:02 Feudal Age
14:18 Arson
13:53 Man-at-Arms
15:49 Forging
15:39 Scale Mail Armor
22:58 Castle Age
Aresito
10:23 Feudal Age
8:38 Loom
13:24 Wheelbarrow
12:41 Double-Bit Axe
Connection lost

Rejoining the realm…

Still unreachable

The connection could not be restored.

Session expired

The server has moved on; the page needs a fresh start.